 Dungeon Sprint DCSS version 0.27.1-33-g824d729ab1 (webtiles) character file.

Game seed: 5450891792248284757

25 Hipnos the Chiller (level 2, -7/15 HPs)
             Began as a Deep Elf Ice Elementalist on Nov 27, 2021.
             Mangled by an ogre (22 damage)
             ... in the Dungeon (Sprint I: "Red Sonja").
             The game lasted 00:00:28 (178 turns).

Hipnos the Chiller (Deep Elf Ice Elementalist)       Turns: 178, Time: 00:00:29

Health: -7/15      AC:  2    Str:  5    XL:     2   Next: 82%
Magic:  8/9        EV: 13    Int: 19    God:
Gold:   0          SH:  0    Dex: 15    Spells: 8/9 levels left

rFire    . . .     SeeInvis .   h - +0 club
rCold    . . .     Faith    .   (no shield)
rNeg     . . .     Spirit   .   a - +0 robe
rPois    .         Reflect  .   (no helmet)
rElec    .         Harm     .   (no cloak)
rCorr    .         Rampage  .   (no gloves)
Will     .....     NoTele   +   (no boots)
Stlth    ++........             (no amulet)
HPRegen  0.05/turn              (no ring)
MPRegen  0.11/turn              (no ring)

@: no status effects
A: no striking features
a: no special abilities


You were in the Dungeon.
You visited 1 branch

Inventory:

Hand Weapons
 h - a +0 club (weapon)
Armour
 a - a +0 robe (worn)
Wands
 d - a wand of flame (18)
Scrolls
 g - a scroll of blinking
Potions
 b - a potion of curing
 c - a potion of heal wounds
 e - 2 potions of magic
 f - a potion of berserk rage


   Skills:
 + Level 3.1 Dodging
 - Level 2.4 Stealth
 + Level 4.3 Spellcasting
 + Level 7.0 Ice Magic


You had 8 spell levels left.
You knew the following spells:

 Your Spells              Type           Power      Damage    Failure   Level
a - Freeze                Ice            100%       1d11      1%          1

Your spell library contained the following spells:

 Spells                   Type           Power      Damage    Failure   Level
 Frozen Ramparts          Ice            60%        1d8       2%          3
 Ozocubu's Armour         Ice            30%        N/A       2%          3
 Hailstorm                Conj/Ice       17%        3d6       30%         4


Dungeon Overview and Level Annotations

Branches:
Dungeon (1/1)

Altars:


Message History

Ijyb is severely wounded.
Unknown command.
Casting: Freeze (safe; 2% risk of failure)
Confirm with . or Enter, or press ? or * to list all spells.
Aiming: Freeze (safe; 2% risk of failure)
Press: ? - help, Shift-Dir - straight line, f/p - Ijyb
Aim: Ijyb, wielding a +0 club, wearing a +0 leather armour and carrying a wand of flame (18) (severely wounded)
You freeze Ijyb!
You kill Ijyb!
Your Dodging skill increases to level 3!
Your Spellcasting skill increases to level 4!
Your Ice Magic skill gained 3 levels and is now at level 7!
You have reached level 2!
d - a wand of flame (18)
Things that are here:
a +0 club; a +0 leather armour; the goblin corpse of Ijyb You start resting.
Your extra speed is starting to run out.
You start resting.
You feel yourself slow down.
You start resting.
Magic restored.
You start resting.
HP restored.
Things that are here:
a +0 club; a +0 leather armour; the goblin corpse of Ijyb
h - a +0 club (weapon)
You open the door.
An ogre comes into view. It is wielding a +0 giant spiked club.
There is an open door here.
Casting: Freeze (safe; 1% risk of failure)
Confirm with . or Enter, or press ? or * to list all spells.
Aiming: Freeze (safe; 1% risk of failure)
Press: ? - help, Shift-Dir - straight line, f - ogre
Aim: an ogre, wielding a +0 giant spiked club (asleep)
You freeze the ogre!
The ogre is heavily wounded.
The ogre hits you with a +0 giant spiked club!!
Ouch! That really hurt!
You die...

##########
#<.#..'@.#
#..'[.#.O+
#..#####+#
#..# #..#
#..# #⌠⌠#
####


You could see an ogre.

Vanquished Creatures
  Ijyb (D)
1 creature vanquished.

Notes
Turn   | Place    | Note
-------+----------+-------------------------------------------
     0 | D        | Hipnos the Deep Elf Ice Elementalist began the quest for
                  | the Orb.
     0 | D        | Reached XP level 1. HP: 10/10 MP: 6/6
     1 | D        | Noticed Ijyb
     8 | D        | Killed Ijyb
     9 | D        | Reached skill level 7 in Ice Magic
     9 | D        | Reached XP level 2. HP: 7/15 MP: 1/9
   175 | D        | Noticed an ogre
   178 | D        | Mangled by an ogre

Illustrated notes

Levels and vault maps discovered:
D:        dungeon_sprint_1 [red_sonja_temple_1, red_sonja_temple_small_1]

Skill      XL: |  1 |
---------------+----+-----
Dodging        | 3 |  3.1
Spellcasting   | 4 |  4.3
Ice Magic      | 7 |  7.0
Stealth        | |  2.4

Action                   || total
-------------------------++-------
 Cast: Freeze            ||     6
  Use: Potion            ||     1
Dodge: Dodged            ||     2
